Map: Kairos Junction LE

Players

hinO - Winner!

  • Race: Zerg Zerg
  • Spawn Location: 5:00

MilkiCow

  • Race: Terran Terran
  • Spawn Location: 11:00

Event: 2019 WCS Summer

VOD

Have the link to the VOD?

Description

Time

  • Played on: July 12, 2019, 8:11 a.m.
  • Length: 6:51

All games in this series

Show
View Real Time Build Order
Export as new Build Order

hinO Zerg - Winner!

Build Orders: Hatch First 

Get SALT Encoding   

  12  0:04  Drone  
  13  0:13  Overlord  
  13  0:17  Drone  
  14  0:31  Drone x2  
  16  0:50  Hatchery  
  16  0:53  Drone  
  16  0:55  Drone  
  17  0:59  Drone  
  18  1:09  Extractor  
  17  1:15  Spawning Pool  
  16  1:18  Drone  
  16  1:22  Drone  
  18  1:30  Drone  
  19  1:40  Overlord  
  19  1:53  Drone  
  20  2:02  Queen  
  20  2:03  Zergling x4, Queen  
  26  2:10  Metabolic Boost  
  26  2:14  Drone  
  27  2:23  Spore Crawler  
  27  2:29  Drone x2  
  30  2:30  Drone  
  30  2:36  Drone x2  
  29  2:51  Drone x2  
  29  2:57  Overlord  
  29  2:58  Drone  
  32  3:10  Hatchery  
  32  3:12  Drone x2  
  33  3:13  Drone  
  33  3:17  Drone x3  
  37  3:26  Overlord  
  37  3:29  Drone  
  37  3:33  Drone  
  39  3:40  Extractor x2, Roach Warren, Overlord  
  36  3:45  Drone x2  
  36  3:46  Zergling x4  
  40  3:54  Zergling x2  
  42  3:55  Zergling x2  
  42  3:57  Drone  
  42  3:58  Drone x2  
  45  4:03  Drone  
  45  4:07  Overlord  
  46  4:13  Drone  
  47  4:19  Roach x3  
  47  4:22  Roach x2  
  47  4:24  Roach x2  
  61  4:25  Roach  
  63  4:32  Overlord x2  
  63  4:36  Roach  
  65  4:40  Ravager  
  65  4:44  Overlord  
  69  4:52  Ravager x2  
  69  4:53  Ravager  
  69  4:55  Zergling x2, Roach x2  
  73  5:05  Zergling x16  
  78  5:10  Ravager  
  78  5:13  Zergling x2  
  80  5:15  Ravager  
  80  5:17  Zergling x2  
  82  5:26  Zergling x2  
  82  5:27  Zergling x4  
  82  5:32  Zergling x8  
  75  5:45  Zergling x10  
  75  5:46  Zergling x2  
  80  5:50  Zergling x2  
  80  5:54  Zergling x2  
  79  5:57  Queen  
  79  5:58  Queen  
  79  5:59  Ravager  
  79  6:01  Zergling x4  
  80  6:05  Ravager  
  80  6:06  Ravager  
  80  6:07  Zergling x4  
  79  6:13  Zergling x2  
  76  6:22  Zergling x6  
  71  6:29  Zergling x4  
  71  6:31  Zergling x2  
Show
View Real Time Build Order
Export as new Build Order

MilkiCow Terran 

Build Orders: Reaper Expand, Hellion Banshee 

Get SALT Encoding   

  12  0:00  SCV  
  13  0:13  SCV  
  14  0:17  Supply Depot  
  14  0:25  SCV  
  15  0:39  Barracks, SCV  
  16  0:43  Refinery  
  16  0:51  SCV  
  17  1:03  SCV  
  18  1:15  SCV  
  19  1:26  Reaper  
  19  1:27  Orbital Command  
  20  1:42  Command Center  
  20  1:53  SCV, Supply Depot  
  21  1:58  Marine  
  22  2:06  SCV  
  23  2:09  Factory  
  23  2:19  Refinery  
  23  2:21  SCV  
  24  2:27  Barracks Reactor  
  24  2:33  SCV  
  25  2:45  SCV  
  26  2:56  Orbital Command  
  26  2:57  SCV  
  26  2:58  Starport  
  27  3:09  SCV  
  27  3:12  Barracks Tech Lab, Hellion x2  
  32  3:17  Supply Depot  
  32  3:21  SCV  
  32  3:23  SCV  
  34  3:33  SCV, Hellion x2  
  39  3:35  SCV  
  40  3:42  Cloaking Field  
  40  3:45  SCV  
  40  3:47  SCV  
  42  3:48  Viking  
  44  3:56  Hellion  
  44  3:57  Hellion  
  44  3:58  SCV  
  44  3:59  SCV  
  44  4:02  Supply Depot  
  50  4:07  Barracks Tech Lab  
  50  4:10  SCV  
  50  4:14  SCV  
  52  4:22  SCV  
  52  4:23  Banshee  
  56  4:26  SCV  
  56  4:28  Supply Depot  
  56  4:31  Stimpack, Marine  
  58  4:34  SCV  
  58  4:37  Command Center  
  58  4:38  SCV  
  60  4:39  Factory Reactor  
  60  4:40  Barracks  
  60  4:46  SCV  
  60  4:47  Barracks  
  60  4:51  SCV  
  62  4:55  Engineering Bay  
  62  4:56  Engineering Bay, Refinery  
  62  5:01  Supply Depot  
  62  5:06  Refinery  
  60  5:10  SCV x2  
  60  5:13  Marine  
  59  5:14  Supply Depot  
  59  5:15  Starport Reactor  
  59  5:22  SCV x2  
  61  5:33  Marine  
  61  5:34  SCV x2  
  61  5:35  Marine  
  55  5:36  Marine  
  55  5:37  Siege Tank, Marine  
  59  5:46  SCV x2  
  59  5:48  Liberator  
  50  5:51  Marine  
  50  5:53  Marine  
  50  5:54  Marine  
  50  5:55  Marine  
  43  5:58  SCV x2  
  34  6:09  Marine  
  34  6:10  SCV x2  
  34  6:11  Marine  
  37  6:12  Marine  
Tags
 
Add a new tag
Caveats
  • Supply blocks, unpowered buildings, or Contaminate may cause inaccurate times.
  • Supply counts are checked every 10 seconds.